Devils vs Lightning

Created - October 1 2007 at 18:21

Goals
1 2 3 T
Devils 3 1 0 4
Lightning 0 0 1 1
Shots
1 2 3 T
Devils 5 6 3 14
Lightning 10 11 15 36

Period #1

1. Devils , Michael Nylander 1 (Miroslav Satan, Patrik Elias) at 5:01 (PP)
2. Devils , Jamie Langenbrunner 1 (Scott Gomez, Zach Parise) at 7:44
3. Devils , Patrik Elias 1 (Brian Rafalski, Brendan Witt) at 16:25 (PP)

Penalities :
Vincent Lecavalier (TBL) for Roughing (Minor) at 1:50, Brad Richards (TBL) for Hooking (Minor) at 4:47, Mike Comrie (NJD) for Tripping (Minor) at 8:05, Zach Parise (NJD) for High sticking (Minor) at 11:43, Ruslan Fedotenko (TBL) for Interference (Minor) at 15:51

Period #2

4. Devils , Mike Ribeiro 1 (Brian Gionta, Mike Comrie) at 19:57

Penalities :
Jaromir Jagr (TBL) for High sticking (Minor) at 0:05, Mike Ribeiro (NJD) for High sticking (Minor) at 3:35, Colin White (NJD) for Hooking (Minor) at 5:41, Ruslan Fedotenko (TBL) for Delaying the game (Minor) at 9:48, Brendan Witt (NJD) for Hooking (Minor) at 12:30

Period #3

5. Lightning , Brad Richards 1 (Vincent Lecavalier, Jaromir Jagr) at 16:44

Penalities :
Michael Nylander (NJD) for Hooking (Minor) at 1:23, Eric Lindros (TBL) for Slashing (Minor) at 1:40, Jamie Langenbrunner (NJD) for Interference (Minor) at 3:52, Tim Taylor (TBL) for Holding (Minor) at 5:55, Brendan Witt (NJD) for Hooking (Minor) at 7:34, Ruslan Fedotenko (TBL) for Interference (Minor) at 11:53, Brian Gionta (NJD) for Roughing (Minor) at 13:02

Goalie Stats

Martin Brodeur (NJD), 35 saves from 36 shots - (0.972), W, 1-0-0, 60:00 minutes
Jean-Sebastien Aubin (TBL), 3 saves from 3 shots - (1.000), 20:03 minutes
Marc Denis (TBL), 7 saves from 11 shots - (0.636), L, 0-1-0, 39:57 minutes

Players Stats

Devils
Player Name              G  A  P  +/- PIM S  H  SB FO MP 
-----------------------------------------------------------
Brad Lukowich            0  0  0   1  0   0  0  0  0  23 
Brendan Witt             0  1  1  -1  4   1  0  2  0  22 
Brian Gionta             0  1  1   1  2   0  0  1  1  12 
Brian Rafalski           0  1  1  -1  0   0  2  0  0  24 
Chris Chelios            0  0  0   1  0   0  2  3  0  23 
Colin White              0  0  0   1  2   0  2  2  0  16 
Jamie Langenbrunner      1  0  1   1  2   1  2  0  2  18 
John Madden              0  0  0   0  0   0  0  0  1  11 
Juraj Kolnik             0  0  0  -1  0   1  0  0  0  7  
Michael Nylander         1  0  1   0  2   1  2  0  24 19 
Mike Comrie              0  1  1   1  2   0  0  0  8  14 
Mike Ribeiro             1  0  1   1  2   3  3  0  1  15 
Miroslav Satan           0  1  1   0  0   1  1  0  2  19 
Patrik Elias             1  1  2   0  0   3  1  0  1  20 
Scott Gomez              0  1  1   1  0   2  2  0  35 23 
Timo Helbling            0  0  0   0  0   0  0  1  0  13 
Travis Zajac             0  0  0  -1  0   0  2  0  4  7  
Zach Parise              0  1  1   1  2   1  0  0  1  12 
Lightning
Player Name              G  A  P  +/- PIM S  H  SB FO MP 
-----------------------------------------------------------
Brad Richards            1  0  1   0  2   4  0  0  2  25 
Carlo Colaiacovo         0  0  0   0  0   0  4  0  0  6  
Chris Phillips           0  0  0   0  0   4  1  1  0  24 
Cory Sarich              0  0  0  -1  0   0  0  0  0  22 
Dimitry Afanasenkov      0  0  0   0  0   1  0  0  4  17 
Doug Janik               0  0  0   0  0   0  0  0  0  0  
Ed Jovanovski            0  0  0  -1  0   0  0  0  0  22 
Eric Brewer              0  0  0   0  0   0  1  0  0  16 
Eric Lindros             0  0  0  -1  2   1  1  0  0  17 
Jaromir Jagr             0  1  1   0  2   2  2  0  3  25 
Jay Pandolfo             0  0  0   0  0   2  1  0  25 23 
Mike Modano              0  0  0   0  0   3  1  0  1  8  
Nolan Pratt              0  0  0   0  0   0  0  0  0  14 
Ruslan Fedotenko         0  0  0   0  6   0  3  0  10 18 
Tim Taylor               0  0  0   0  2   0  0  0  4  6  
Tom Poti                 0  0  0   0  0   1  0  0  0  23 
Vaclav Prospal           0  0  0  -1  0   6  3  0  1  18 
Vincent Lecavalier       0  1  1  -1  2   12 2  0  30 23 

3 Stars

1 - Martin Brodeur (NJD)
2 - Mike Ribeiro (NJD)
3 - Patrik Elias (NJD)

Power Play

Devils - 2 on 8 Attempt(s) - 25.00%
Lightning - 0 on 9 Attempt(s) - 0.00%

Penalty Kill

Devils - 9 on 9 Attempt(s) - 100.00% - Score 0 goal in Penalty Kill
Lightning - 6 on 8 Attempt(s) - 75.00% - Score 0 goal in Penalty Kill

Game Notes

Jean-Sebastien Aubin enters game at 19:57 of 2nd period

Finance

Level 1 -- Attendance: 3600 (59.25%) -- Ticket Income $360,000.00
Level 2 -- Attendance: 4019 (71.78%) -- Ticket Income $241,140.00
Level 3 -- Attendance: 1619 (59.22%) -- Ticket Income $64,760.00
Level 4 -- Attendance: 1950 (44.82%) -- Ticket Income $68,250.00
Luxury Box -- Attendance: 459 (45.88%) -- Ticket Income $137,700.00
Game was played at the St. Pete Times Forum
Total Attendance: 11647 (58.95%)
Total Ticket Income: $924,189.50
Other Income: $177,754.80
Total Income: $1,101,945.00


Play by Play

Period #1

0:01 of 1st period - Michael Nylander wins face-off versus Vincent Lecavalier in neutral zone.
0:26 of 1st period - Shot by Vincent Lecavalier.
0:26 of 1st period - Stopped by Martin Brodeur with a rebound.
0:30 of 1st period - Shot by Jaromir Jagr.
0:30 of 1st period - Shot Misses the Net.
0:34 of 1st period - Shot by Vincent Lecavalier.
0:34 of 1st period - Stopped by Martin Brodeur without a rebound.
0:35 of 1st period - Ruslan Fedotenko wins face-off versus Scott Gomez in Devils zone.
0:40 of 1st period - Shot by Eric Lindros.
0:40 of 1st period - Shot Blocked by Chris Chelios.
0:43 of 1st period - Icing by Chris Chelios.
0:44 of 1st period - Jay Pandolfo wins face-off versus Zach Parise in Devils zone.
0:50 of 1st period - Dimitry Afanasenkov is hit by Scott Gomez and loses puck.
1:50 of 1st period - Minor Penalty to Vincent Lecavalier for Roughing.
1:51 of 1st period - Michael Nylander wins face-off versus Jaromir Jagr in Devils zone.
4:08 of 1st period - Vaclav Prospal is hit by Mike Ribeiro and loses puck.
4:19 of 1st period - Shot by Vaclav Prospal.
4:19 of 1st period - Stopped by Martin Brodeur with a rebound.
4:21 of 1st period - Shot by Ed Jovanovski.
4:21 of 1st period - Shot Blocked by Brian Gionta.
4:47 of 1st period - Minor Penalty to Brad Richards for Hooking.
4:48 of 1st period - Vincent Lecavalier wins face-off versus Michael Nylander in neutral zone.
5:01 of 1st period - Shot by Michael Nylander.
5:01 of 1st period - Goal by Michael Nylander - Devils : 1 - Lightning : 0.
5:02 of 1st period - Dimitry Afanasenkov wins face-off versus Scott Gomez in neutral zone.
6:16 of 1st period - Shot by Juraj Kolnik.
6:16 of 1st period - Shot Misses the Net.
6:23 of 1st period - Icing by Nolan Pratt.
6:24 of 1st period - Ruslan Fedotenko wins face-off versus Michael Nylander in Lightning zone.
6:40 of 1st period - Patrik Elias is hit by Chris Phillips and loses puck.
7:07 of 1st period - Shot by Chris Phillips.
7:07 of 1st period - Stopped by Martin Brodeur with a rebound.
7:09 of 1st period - Shot by Tom Poti.
7:09 of 1st period - Shot Misses the Net.
7:20 of 1st period - Icing by Chris Phillips.
7:21 of 1st period - Scott Gomez wins face-off versus Vincent Lecavalier in Lightning zone.
7:40 of 1st period - Shot by Scott Gomez.
7:40 of 1st period - Shot Misses the Net.
7:44 of 1st period - Shot by Jamie Langenbrunner.
7:44 of 1st period - Goal by Jamie Langenbrunner - Devils : 2 - Lightning : 0.
7:45 of 1st period - Mike Modano wins face-off versus Mike Comrie in neutral zone.
8:01 of 1st period - Shot by Eric Lindros.
8:01 of 1st period - Shot Misses the Net.
8:05 of 1st period - Shot by Mike Modano.
8:05 of 1st period - Stopped by Martin Brodeur without a rebound.
8:05 of 1st period - Minor Penalty to Mike Comrie for Tripping.
8:06 of 1st period - Scott Gomez wins face-off versus Jay Pandolfo in Devils zone.
8:06 of 1st period - Scott Gomez is hit by Vaclav Prospal.
8:31 of 1st period - Brian Rafalski is hit by Vaclav Prospal and loses puck.
10:13 of 1st period - Shot by Mike Modano.
10:13 of 1st period - Shot Misses the Net.
10:15 of 1st period - Shot by Mike Modano.
10:15 of 1st period - Stopped by Martin Brodeur with a rebound.
10:17 of 1st period - Shot by Mike Modano.
10:17 of 1st period - Shot Blocked by Timo Helbling.
10:19 of 1st period - Shot by Mike Modano.
10:19 of 1st period - Stopped by Martin Brodeur without a rebound.
10:20 of 1st period - Mike Comrie wins face-off versus Tim Taylor in Devils zone.
10:20 of 1st period - Mike Comrie is hit by Eric Brewer.
10:27 of 1st period - Mike Ribeiro is hit by Jaromir Jagr and loses puck.
10:41 of 1st period - Brian Gionta is hit by Carlo Colaiacovo and loses puck.
10:45 of 1st period - Mike Ribeiro is hit by Carlo Colaiacovo and loses puck.
10:50 of 1st period - Shot by Mike Ribeiro.
10:50 of 1st period - Shot Misses the Net.
11:32 of 1st period - Icing by Chris Phillips.
11:33 of 1st period - Vincent Lecavalier wins face-off versus Scott Gomez in Lightning zone.
11:33 of 1st period - Vincent Lecavalier is hit by Scott Gomez.
11:42 of 1st period - Dimitry Afanasenkov is hit by Jamie Langenbrunner and loses puck.
11:43 of 1st period - Minor Penalty to Zach Parise for High sticking.
11:44 of 1st period - Jay Pandolfo wins face-off versus Scott Gomez in Devils zone.
12:56 of 1st period - Icing by Cory Sarich.
12:57 of 1st period - Scott Gomez wins face-off versus Jay Pandolfo in Lightning zone.
13:18 of 1st period - Shot by Vaclav Prospal.
13:18 of 1st period - Shot Misses the Net.
14:01 of 1st period - Icing by Colin White.
14:02 of 1st period - Brian Gionta wins face-off versus Tim Taylor in Devils zone.
15:12 of 1st period - Icing by Brian Rafalski.
15:13 of 1st period - Travis Zajac wins face-off versus Vincent Lecavalier in Devils zone.
15:36 of 1st period - Shot by Vincent Lecavalier.
15:36 of 1st period - Stopped by Martin Brodeur without a rebound.
15:37 of 1st period - Scott Gomez wins face-off versus Jay Pandolfo in Devils zone.
15:39 of 1st period - Icing by Jamie Langenbrunner.
15:40 of 1st period - Scott Gomez wins face-off versus Jay Pandolfo in Devils zone.
15:40 of 1st period - Scott Gomez is hit by Ruslan Fedotenko.
15:51 of 1st period - Minor Penalty to Ruslan Fedotenko for Interference.
15:52 of 1st period - Jay Pandolfo wins face-off versus Michael Nylander in Lightning zone.
15:52 of 1st period - Brad Richards is hit by Michael Nylander and loses puck.
16:17 of 1st period - Shot by Miroslav Satan.
16:17 of 1st period - Shot Misses the Net.
16:19 of 1st period - Shot by Brian Rafalski.
16:19 of 1st period - Shot Misses the Net.
16:21 of 1st period - Shot by Brendan Witt.
16:21 of 1st period - Stopped by Marc Denis with a rebound.
16:25 of 1st period - Shot by Patrik Elias.
16:25 of 1st period - Goal by Patrik Elias - Devils : 3 - Lightning : 0.
16:26 of 1st period - Jay Pandolfo wins face-off versus Scott Gomez in neutral zone.
16:29 of 1st period - Scott Gomez is hit by Ruslan Fedotenko and loses puck.
16:46 of 1st period - Shot by Scott Gomez.
16:46 of 1st period - Shot Misses the Net.
16:50 of 1st period - Shot by Zach Parise.
16:50 of 1st period - Shot Misses the Net.
16:54 of 1st period - Shot by Jamie Langenbrunner.
16:54 of 1st period - Shot Misses the Net.
16:56 of 1st period - Shot by Scott Gomez.
16:56 of 1st period - Stopped by Marc Denis with a rebound.
17:41 of 1st period - Shot by Vincent Lecavalier.
17:41 of 1st period - Shot Misses the Net.
17:45 of 1st period - Shot by Jaromir Jagr.
17:45 of 1st period - Shot Blocked by Colin White.
17:47 of 1st period - Shot by Chris Phillips.
17:47 of 1st period - Stopped by Martin Brodeur without a rebound.
17:48 of 1st period - Ruslan Fedotenko wins face-off versus Michael Nylander in Devils zone.
17:48 of 1st period - Ruslan Fedotenko is hit by Brian Rafalski.
18:10 of 1st period - Shot by Vaclav Prospal.
18:10 of 1st period - Stopped by Martin Brodeur without a rebound.
18:11 of 1st period - Vincent Lecavalier wins face-off versus John Madden in Devils zone.
18:34 of 1st period - Off-side.
18:35 of 1st period - Scott Gomez wins face-off versus Ruslan Fedotenko in neutral zone.
19:11 of 1st period - Off-side.
19:12 of 1st period - Mike Comrie wins face-off versus Vincent Lecavalier in neutral zone.
19:12 of 1st period - Brian Gionta is hit by Vincent Lecavalier and loses puck.

Period #2

0:01 of 2nd period - Michael Nylander wins face-off versus Vincent Lecavalier in neutral zone.
0:05 of 2nd period - Minor Penalty to Jaromir Jagr for High sticking.
0:06 of 2nd period - Scott Gomez wins face-off versus Brad Richards in Lightning zone.
0:21 of 2nd period - Chris Phillips is hit by Mike Ribeiro and loses puck.
1:08 of 2nd period - Jay Pandolfo is hit by Michael Nylander and loses puck.
1:29 of 2nd period - Shot by Patrik Elias.
1:29 of 2nd period - Stopped by Marc Denis without a rebound.
1:30 of 2nd period - Patrik Elias wins face-off versus Dimitry Afanasenkov in Lightning zone.
1:41 of 2nd period - Shot by Patrik Elias.
1:41 of 2nd period - Shot Misses the Net.
2:24 of 2nd period - Shot by Brad Richards.
2:24 of 2nd period - Stopped by Martin Brodeur without a rebound.
2:25 of 2nd period - Scott Gomez wins face-off versus Ruslan Fedotenko in Devils zone.
3:35 of 2nd period - Minor Penalty to Mike Ribeiro for High sticking.
3:36 of 2nd period - Vincent Lecavalier wins face-off versus Michael Nylander in Lightning zone.
3:53 of 2nd period - Shot by Brad Richards.
3:53 of 2nd period - Deflect By Jaromir Jagr.
3:53 of 2nd period - Stopped by Martin Brodeur without a rebound.
3:54 of 2nd period - Vincent Lecavalier wins face-off versus Miroslav Satan in Devils zone.
4:11 of 2nd period - Shot by Vincent Lecavalier.
4:11 of 2nd period - Stopped by Martin Brodeur without a rebound.
4:12 of 2nd period - Michael Nylander wins face-off versus Jay Pandolfo in Devils zone.
5:41 of 2nd period - Minor Penalty to Colin White for Hooking.
5:42 of 2nd period - Scott Gomez wins face-off versus Jay Pandolfo in Devils zone.
7:04 of 2nd period - Jay Pandolfo is hit by Jamie Langenbrunner and loses puck.
8:04 of 2nd period - Shot by Vincent Lecavalier.
8:04 of 2nd period - Deflect By Eric Lindros.
8:04 of 2nd period - Stopped by Martin Brodeur with a rebound.
8:06 of 2nd period - Shot by Vincent Lecavalier.
8:06 of 2nd period - Stopped by Martin Brodeur with a rebound.
8:08 of 2nd period - Shot by Vincent Lecavalier.
8:08 of 2nd period - Stopped by Martin Brodeur without a rebound.
8:09 of 2nd period - Brad Richards wins face-off versus Travis Zajac in Devils zone.
8:12 of 2nd period - Shot by Brad Richards.
8:12 of 2nd period - Stopped by Martin Brodeur without a rebound.
8:13 of 2nd period - Scott Gomez wins face-off versus Dimitry Afanasenkov in Devils zone.
8:13 of 2nd period - Scott Gomez is hit by Mike Modano.
9:35 of 2nd period - Shot by Vincent Lecavalier.
9:35 of 2nd period - Deflect By Brad Richards.
9:35 of 2nd period - Shot Blocked by Brendan Witt.
9:48 of 2nd period - Minor Penalty to Ruslan Fedotenko for Delaying the game.
9:49 of 2nd period - Scott Gomez wins face-off versus Jay Pandolfo in neutral zone.
10:13 of 2nd period - Shot by Mike Ribeiro.
10:13 of 2nd period - Stopped by Marc Denis without a rebound.
10:14 of 2nd period - Michael Nylander wins face-off versus Jay Pandolfo in Lightning zone.
10:19 of 2nd period - Shot by Miroslav Satan.
10:19 of 2nd period - Stopped by Marc Denis without a rebound.
10:20 of 2nd period - Michael Nylander wins face-off versus Jaromir Jagr in Lightning zone.
10:33 of 2nd period - Shot by Patrik Elias.
10:33 of 2nd period - Shot Misses the Net.
11:57 of 2nd period - Shot by Mike Ribeiro.
11:57 of 2nd period - Stopped by Marc Denis without a rebound.
11:58 of 2nd period - Mike Comrie wins face-off versus Ruslan Fedotenko in Lightning zone.
12:10 of 2nd period - Ruslan Fedotenko is hit by Colin White and loses puck.
12:13 of 2nd period - Shot by Vaclav Prospal.
12:13 of 2nd period - Stopped by Martin Brodeur without a rebound.
12:14 of 2nd period - Travis Zajac wins face-off versus Jay Pandolfo in Devils zone.
12:29 of 2nd period - Shot by Jay Pandolfo.
12:29 of 2nd period - Shot Misses the Net.
12:30 of 2nd period - Minor Penalty to Brendan Witt for Hooking.
12:31 of 2nd period - Vincent Lecavalier wins face-off versus Scott Gomez in Devils zone.
13:17 of 2nd period - Vaclav Prospal is hit by Chris Chelios and loses puck.
14:41 of 2nd period - Ruslan Fedotenko is hit by Mike Ribeiro and loses puck.
14:48 of 2nd period - Shot by Mike Ribeiro.
14:48 of 2nd period - Shot Misses the Net.
15:13 of 2nd period - Ruslan Fedotenko is hit by Travis Zajac and loses puck.
15:39 of 2nd period - Vaclav Prospal is hit by Travis Zajac and loses puck.
16:37 of 2nd period - Jaromir Jagr is hit by Chris Chelios and loses puck.
17:00 of 2nd period - Shot by Zach Parise.
17:00 of 2nd period - Stopped by Marc Denis without a rebound.
17:01 of 2nd period - Mike Comrie wins face-off versus Vaclav Prospal in Lightning zone.
17:01 of 2nd period - Brian Gionta is hit by Vaclav Prospal and loses puck.
17:17 of 2nd period - Vaclav Prospal is hit by Colin White and loses puck.
17:22 of 2nd period - Shot by Vaclav Prospal.
17:22 of 2nd period - Stopped by Martin Brodeur without a rebound.
17:23 of 2nd period - Vincent Lecavalier wins face-off versus Michael Nylander in Devils zone.
17:47 of 2nd period - Shot by Michael Nylander.
17:47 of 2nd period - Shot Blocked by Chris Phillips.
18:26 of 2nd period - Off-side.
18:27 of 2nd period - Jay Pandolfo wins face-off versus Scott Gomez in neutral zone.
19:39 of 2nd period - Shot by Vincent Lecavalier.
19:39 of 2nd period - Shot Misses the Net.
19:41 of 2nd period - Shot by Jaromir Jagr.
19:41 of 2nd period - Shot Blocked by Colin White.
19:43 of 2nd period - Shot by Tom Poti.
19:43 of 2nd period - Stopped by Martin Brodeur with a rebound.
19:45 of 2nd period - Shot by Chris Phillips.
19:45 of 2nd period - Stopped by Martin Brodeur without a rebound.
19:46 of 2nd period - Vincent Lecavalier wins face-off versus Mike Comrie in Devils zone.
19:57 of 2nd period - Shot by Mike Ribeiro.
19:57 of 2nd period - Goal by Mike Ribeiro - Devils : 4 - Lightning : 0.
19:57 of 2nd period - Jean-Sebastien Aubin enters game.
19:58 of 2nd period - Michael Nylander wins face-off versus Vincent Lecavalier in neutral zone.

Period #3

0:01 of 3rd period - Vincent Lecavalier wins face-off versus Michael Nylander in neutral zone.
0:01 of 3rd period - Vincent Lecavalier is hit by Patrik Elias.
0:07 of 3rd period - Shot by Vincent Lecavalier.
0:07 of 3rd period - Stopped by Martin Brodeur without a rebound.
0:08 of 3rd period - Ruslan Fedotenko wins face-off versus Scott Gomez in Devils zone.
0:13 of 3rd period - Shot by Vaclav Prospal.
0:13 of 3rd period - Shot Misses the Net.
0:27 of 3rd period - Off-side.
0:28 of 3rd period - Jaromir Jagr wins face-off versus Miroslav Satan in neutral zone.
0:28 of 3rd period - Tom Poti is hit by Brian Rafalski and loses puck.
0:30 of 3rd period - Tom Poti is hit by Miroslav Satan.
1:15 of 3rd period - Icing by Brendan Witt.
1:16 of 3rd period - Michael Nylander wins face-off versus Ruslan Fedotenko in Devils zone.
1:16 of 3rd period - Michael Nylander is hit by Eric Lindros.
1:23 of 3rd period - Minor Penalty to Michael Nylander for Hooking.
1:24 of 3rd period - Scott Gomez wins face-off versus Jay Pandolfo in Devils zone.
1:26 of 3rd period - Miroslav Satan is hit by Jay Pandolfo and loses puck.
1:40 of 3rd period - Minor Penalty to Eric Lindros for Slashing.
1:41 of 3rd period - Jay Pandolfo wins face-off versus Scott Gomez in Devils zone.
1:44 of 3rd period - Shot by Jay Pandolfo.
1:44 of 3rd period - Shot Blocked by Chris Chelios.
1:54 of 3rd period - Shot by Jamie Langenbrunner.
1:54 of 3rd period - Shot Misses the Net.
2:07 of 3rd period - Shot by Scott Gomez.
2:07 of 3rd period - Stopped by Jean-Sebastien Aubin without a rebound.
2:08 of 3rd period - Vincent Lecavalier wins face-off versus Jamie Langenbrunner in Lightning zone.
2:13 of 3rd period - Shot by Jaromir Jagr.
2:13 of 3rd period - Stopped by Martin Brodeur without a rebound.
2:14 of 3rd period - Vincent Lecavalier wins face-off versus Mike Comrie in Devils zone.
2:17 of 3rd period - Shot by Jaromir Jagr.
2:17 of 3rd period - Shot Blocked by Brendan Witt.
2:35 of 3rd period - Shot by Vincent Lecavalier.
2:35 of 3rd period - Deflect By Jaromir Jagr.
2:35 of 3rd period - Shot Misses the Net.
2:37 of 3rd period - Shot by Jaromir Jagr.
2:37 of 3rd period - Shot Misses the Net.
2:41 of 3rd period - Shot by Jaromir Jagr.
2:41 of 3rd period - Shot Misses the Net.
3:52 of 3rd period - Minor Penalty to Jamie Langenbrunner for Interference.
3:53 of 3rd period - Vincent Lecavalier wins face-off versus Scott Gomez in neutral zone.
4:14 of 3rd period - Shot by Vaclav Prospal.
4:14 of 3rd period - Stopped by Martin Brodeur with a rebound.
4:18 of 3rd period - Shot by Vincent Lecavalier.
4:18 of 3rd period - Deflect By Vaclav Prospal.
4:18 of 3rd period - Shot Misses the Net.
4:20 of 3rd period - Shot by Vincent Lecavalier.
4:20 of 3rd period - Stopped by Martin Brodeur without a rebound.
4:21 of 3rd period - Vincent Lecavalier wins face-off versus Michael Nylander in Devils zone.
4:26 of 3rd period - Shot by Vincent Lecavalier.
4:26 of 3rd period - Deflect By Brad Richards.
4:26 of 3rd period - Shot Misses the Net.
4:28 of 3rd period - Shot by Chris Phillips.
4:28 of 3rd period - Stopped by Martin Brodeur with a rebound.
4:32 of 3rd period - Shot by Vincent Lecavalier.
4:32 of 3rd period - Stopped by Martin Brodeur without a rebound.
4:33 of 3rd period - Michael Nylander wins face-off versus Dimitry Afanasenkov in Devils zone.
5:22 of 3rd period - Shot by Jay Pandolfo.
5:22 of 3rd period - Stopped by Martin Brodeur without a rebound.
5:23 of 3rd period - Jay Pandolfo wins face-off versus Scott Gomez in Devils zone.
5:55 of 3rd period - Minor Penalty to Tim Taylor for Holding.
5:56 of 3rd period - Scott Gomez wins face-off versus Vincent Lecavalier in neutral zone.
6:08 of 3rd period - Icing by Brad Lukowich.
6:09 of 3rd period - Scott Gomez wins face-off versus Vincent Lecavalier in Devils zone.
7:05 of 3rd period - Icing by Patrik Elias.
7:06 of 3rd period - Michael Nylander wins face-off versus Vincent Lecavalier in Devils zone.
7:34 of 3rd period - Minor Penalty to Brendan Witt for Hooking.
7:35 of 3rd period - Michael Nylander wins face-off versus Jay Pandolfo in Devils zone.
8:27 of 3rd period - Shot by Vincent Lecavalier.
8:27 of 3rd period - Stopped by Martin Brodeur without a rebound.
8:28 of 3rd period - Scott Gomez wins face-off versus Vincent Lecavalier in Devils zone.
8:28 of 3rd period - Miroslav Satan is hit by Jaromir Jagr and loses puck.
8:39 of 3rd period - Shot by Vincent Lecavalier.
8:39 of 3rd period - Shot Misses the Net.
8:41 of 3rd period - Shot by Chris Phillips.
8:41 of 3rd period - Shot Misses the Net.
8:43 of 3rd period - Shot by Brad Richards.
8:43 of 3rd period - Stopped by Martin Brodeur with a rebound.
9:17 of 3rd period - Icing by Ed Jovanovski.
9:18 of 3rd period - Jay Pandolfo wins face-off versus Michael Nylander in Lightning zone.
9:45 of 3rd period - Shot by Ruslan Fedotenko.
9:45 of 3rd period - Shot Misses the Net.
9:49 of 3rd period - Shot by Ruslan Fedotenko.
9:49 of 3rd period - Shot Misses the Net.
9:53 of 3rd period - Shot by Ruslan Fedotenko.
9:53 of 3rd period - Shot Misses the Net.
9:57 of 3rd period - Shot by Jay Pandolfo.
9:57 of 3rd period - Stopped by Martin Brodeur without a rebound.
9:58 of 3rd period - Scott Gomez wins face-off versus Tim Taylor in Devils zone.
10:12 of 3rd period - Icing by Brad Lukowich.
10:13 of 3rd period - Ruslan Fedotenko wins face-off versus Scott Gomez in Devils zone.
10:26 of 3rd period - Shot by Vaclav Prospal.
10:26 of 3rd period - Shot Blocked by Chris Chelios.
10:36 of 3rd period - Shot by Eric Lindros.
10:36 of 3rd period - Shot Misses the Net.
10:42 of 3rd period - Zach Parise is hit by Ruslan Fedotenko and loses puck.
11:26 of 3rd period - Icing by Brad Lukowich.
11:27 of 3rd period - Scott Gomez wins face-off versus Jay Pandolfo in Devils zone.
11:53 of 3rd period - Minor Penalty to Ruslan Fedotenko for Interference.
11:54 of 3rd period - Vincent Lecavalier wins face-off versus Michael Nylander in neutral zone.
12:03 of 3rd period - Shot by Patrik Elias.
12:03 of 3rd period - Stopped by Jean-Sebastien Aubin without a rebound.
12:04 of 3rd period - Vincent Lecavalier wins face-off versus Michael Nylander in Lightning zone.
13:02 of 3rd period - Minor Penalty to Brian Gionta for Roughing.
13:03 of 3rd period - Michael Nylander wins face-off versus Jay Pandolfo in Lightning zone.
13:40 of 3rd period - Off-side.
13:41 of 3rd period - Vincent Lecavalier wins face-off versus Scott Gomez in neutral zone.
13:52 of 3rd period - Shot by Vincent Lecavalier.
13:52 of 3rd period - Stopped by Martin Brodeur without a rebound.
13:53 of 3rd period - Jay Pandolfo wins face-off versus Jamie Langenbrunner in Devils zone.
13:56 of 3rd period - Shot by Vaclav Prospal.
13:56 of 3rd period - Stopped by Martin Brodeur without a rebound.
13:57 of 3rd period - Scott Gomez wins face-off versus Vincent Lecavalier in Devils zone.
14:09 of 3rd period - Off-side.
14:10 of 3rd period - Jay Pandolfo wins face-off versus Michael Nylander in neutral zone.
15:10 of 3rd period - Mike Comrie is hit by Carlo Colaiacovo and loses puck.
15:22 of 3rd period - Mike Comrie is hit by Carlo Colaiacovo and loses puck.
15:39 of 3rd period - Shot by Mike Comrie.
15:39 of 3rd period - Shot Misses the Net.
15:43 of 3rd period - Shot by Mike Ribeiro.
15:43 of 3rd period - Shot Misses the Net.
16:01 of 3rd period - Shot by Travis Zajac.
16:01 of 3rd period - Deflect By Juraj Kolnik.
16:01 of 3rd period - Stopped by Jean-Sebastien Aubin without a rebound.
16:02 of 3rd period - Vincent Lecavalier wins face-off versus Scott Gomez in Lightning zone.
16:07 of 3rd period - Shot by Jaromir Jagr.
16:07 of 3rd period - Deflect By Vincent Lecavalier.
16:07 of 3rd period - Stopped by Martin Brodeur without a rebound.
16:08 of 3rd period - Scott Gomez wins face-off versus Jay Pandolfo in Devils zone.
16:27 of 3rd period - Shot by Dimitry Afanasenkov.
16:27 of 3rd period - Stopped by Martin Brodeur without a rebound.
16:28 of 3rd period - Vincent Lecavalier wins face-off versus Travis Zajac in Devils zone.
16:44 of 3rd period - Shot by Vincent Lecavalier.
16:44 of 3rd period - Deflect By Brad Richards.
16:44 of 3rd period - Goal by Brad Richards - Devils : 4 - Lightning : 1.
16:45 of 3rd period - Mike Ribeiro wins face-off versus Ruslan Fedotenko in neutral zone.
17:42 of 3rd period - Icing by Chris Chelios.
17:43 of 3rd period - Scott Gomez wins face-off versus Vincent Lecavalier in Devils zone.
17:43 of 3rd period - Scott Gomez is hit by Vincent Lecavalier.
19:01 of 3rd period - Icing by Nolan Pratt.
19:02 of 3rd period - Jay Pandolfo wins face-off versus Mike Comrie in Lightning zone.
19:54 of 3rd period - Off-side.
19:55 of 3rd period - Scott Gomez wins face-off versus Tim Taylor in neutral zone.


Output by the SimonT Hockey Simulator (STHS) for Stephane Roy -- Original Page W3C XHTML 1.0 Valid